 Dungeon Crawl Stone Soup version 0.31-a0-177-g4aa6249778 (webtiles) character file.

Game seed: 459144170218932932

153 Moral the Insei (level 5, -2/34 HPs)
             Began as an Octopode Transmuter on June 18, 2023.
             Slain by a black bear (12 damage)
             ... on level 4 of the Dungeon.
             The game lasted 00:05:36 (2641 turns).

Moral the Insei (Octopode Transmuter)               Turns: 2641, Time: 00:05:36

Health: -2/34      AC:  1    Str: 12    XL:     5   Next: 35%
Magic:  9/9        EV: 13    Int: 15    God:
Gold:   128        SH:  0    Dex: 12    Spells: 6/9 levels left

rFire   . .          .
                       - Unarmed
rCold   . . .        (no shield)
rNeg    + . .        (helmet restricted)
rPois   .            (no amulet)
rElec   .            j - ring of resist corrosion
rCorr   +            m - ring of positive energy
SInv    .            (no ring)
Will    .....        (no ring)
Stlth   ++           (no ring)
HPRegen 0.25/turn    (no ring)
MPRegen 0.11/turn    (no ring)
                     (no ring)

%: no passive effects
@: weak-willed
A: almost no armour, amphibious, 8 rings, camouflage 1, gelatinous body 1,
(nimble swimmer 1), tentacles
a: no special abilities


You were on level 4 of the Dungeon.
You visited 1 branch of the dungeon, and saw 4 of its levels.

You collected 128 gold pieces.

Inventory:

Jewellery
 j - a ring of resist corrosion (left tentacle)
 m - a ring of positive energy (right tentacle)
Scrolls
 d - a scroll of enchant weapon {unknown}
 e - 2 scrolls of butterflies {unknown}
 g - 2 scrolls of identify {unknown}
 i - a scroll of noise {unknown}
 n - a scroll of blinking {unknown}
 o - a scroll of immolation {unknown}
Potions
 a - a potion of lignification
 b - 2 potions of might {unknown}
 c - a potion of heal wounds {unknown}
 f - 3 potions of curing {unknown}
 h - 2 potions of degeneration {unknown}
 l - a potion of brilliance {unknown}


   Skills:
 + Level 2.3 Fighting
 + Level 2.7 Dodging
 * Level 4.1 Unarmed Combat
 + Level 2.6 Spellcasting
 + Level 2.7 Transmutations


You had 6 spell levels left.
You knew the following spells:

 Your Spells              Type           Power      Damage    Failure   Level
a - Beastly Appendage     Tmut           20%        N/A       7%          1
b - Wereblood             Tmut           10%        N/A       11%         2

Your spell library contained the following spells:

 Spells                   Type           Power      Damage    Failure   Level
 Spider Form              Tmut/Pois      6%         N/A       34%         3
 Ice Form                 Ice/Tmut       6%         N/A       75%         4


Dungeon Overview and Level Annotations

Branches:
Dungeon (4/15)
 Temple: D:4-7

Altars:

Shops:
D:3 [

Annotations:
D:4 Blork the orc


Innate Abilities, Weirdness & Mutations

You cannot wear most types of armour.
You are amphibious.
You can wear up to eight rings at the same time.
Your skin changes colour to match your surroundings (Stealth+).
Your rubbery body absorbs attacks. (AC +1, EV +1)
((You are camouflaged when in or above water. (Stealth+)))
You have tentacles for arms and can constrict up to eight enemies at once.


Message History

No target in view!
Your transformation is almost over.
A black bear comes into view.
The black bear growls angrily.
You hear a shout!
The black bear bites you. The black bear claws you.
The black bear closely misses you.
You tentacle-slap the black bear but do no damage.
Your grab misses the black bear.
You pierce the black bear.
You squeeze the black bear.
The black bear is moderately wounded.
The black bear misses you. The black bear closely misses you.
The black bear completely misses you.
You tentacle-slap the black bear. Your grab misses the black bear.
Your tentacle spike misses the black bear.
Your tentacle-slap misses the black bear.
The black bear is moderately wounded.
The black bear closely misses you. The black bear claws you.
The black bear barely misses you.
You tentacle-slap the black bear but do no damage.
You grab the black bear.
Your tentacle spike misses the black bear.
You squeeze the black bear!
The black bear is severely wounded.
You constrict the black bear, but do no damage.
The black bear closely misses you. The black bear claws you.
The black bear misses you.
You tentacle-slap the black bear.
You pierce the black bear.
The black bear is severely wounded.
You constrict the black bear.
The black bear goes berserk!
You tentacle-slap the black bear.
You pierce the black bear, but do no damage.
The black bear is almost dead.
Your tentacle spike disappears.
You constrict the black bear. The black bear bites you.
The black bear completely misses you. The black bear claws you.
* * * LOW HITPOINT WARNING * * *
As you read the scroll labelled LADOIFU YSI, it crumbles to dust.
Magic quickly surges around you.
It was a scroll of vulnerability.
You constrict the black bear. The black bear bites you!
You die...

....#. ###..
##########..#...##....
#.......#.. #.....#..
#......... # #.##..#..
#........# #.#.#..###.
#........# #.........#
#.....O.#######.......
#.....h......<..#.##.#
#..[.@......#####.##..
.........(#...# #.. #
..#########...# ###.
##.## # ######..#####
.............#
########.##....... #..
....... ###..#####.


You could see a black bear (berserk, weak-willed) and an ogre (weak-willed).

Vanquished Creatures
  4 gnolls (D:3)
  3 adders
  4 worms
  2 dart slugs
  An orc (D:3)
  7 bats
  8 endoplasms
  3 giant cockroaches
  7 goblins
  4 hobgoblins
  5 jackals
  3 quokkas (D:2)
  5 ball pythons
  2 frilled lizards
  4 kobolds
  6 rats
68 creatures vanquished.

Notes
Turn   | Place    | Note
-------+----------+-------------------------------------------
     0 | D:1      | Moral the Octopode Transmuter began the quest for the Orb.
     0 | D:1      | Reached XP level 1. HP: 13/13 MP: 3/3
   242 | D:1      | Found a faded altar of an unknown god.
   562 | D:1      | Reached XP level 2. HP: 15/18 MP: 3/5
  1025 | D:2      | Reached XP level 3. HP: 16/23 MP: 4/6
  1284 | D:2      | Reached XP level 4. HP: 21/28 MP: 5/7
  1895 | D:3      | Identified the +0 robe "Mixkyi" {Str+2 Int-2 Archmagi}
  1950 | D:3      | Reached skill level 4 in Unarmed Combat
  1950 | D:3      | Reached XP level 5. HP: 34/34 MP: 8/8
  1986 | D:3      | Found Teamui's Armour Shoppe.
  2546 | D:4      | Noticed an ogre
  2551 | D:4      | Learned a level 2 spell: Wereblood
  2553 | D:4      | Noticed Blork the orc
  2633 | D:4      | Noticed a black bear
  2641 | D:4      | Slain by a black bear

Illustrated notes

Levels and vault maps discovered:
D:1:      sevenhm_arrival_forest_fort_small_3, layout_basic,
          shapermc_ecumenical_altar_mp_ritualfount, hex_tiny,
          minmay_misc_feat_encased, minmay_close_crescents
D:2:      layout_rooms, grunt_decor_clamped, minmay_misc_feat_columns,
          chequers_serial_rivers_marsh
D:3:      layout_loops_cross, serial_shops, shop, grunt_decor_resistance
D:4:      layout_rooms, chequers_serial_rivers_micro_a, chequers_hall_statues_y,
          uniq_blork_the_orc, uniq_menkaure

Skill      XL: |  1  2  3  4 |
---------------+-------------+-----
Fighting       | 2 |  2.3
Unarmed Combat | 4 |  4.1
Dodging        | |  2.7
Spellcasting   | |  2.6
Transmutations | |  2.7

Action                     |  1- 3 |  4- 6 || total
---------------------------+-------+-------++-------
  Melee: Unarmed           |    66 |    64 ||   130
         Kick              |    15 |    22 ||    37
         Constrict         |    14 |    19 ||    33
         Tentacles         |    11 |    14 ||    25
         Punch             |     2 |     1 ||     3
   Cast: Beastly Appendage |    20 |    19 ||    39
         Wereblood         |       |     1 ||     1
    Use: Scroll            |       |     1 ||     1
   Stab: Sleeping          |     6 |     6 ||    12
 Armour: Skin              |     6 |     2 ||     8
  Dodge: Dodged            |    38 |    37 ||    75

Table legend: (Time is in decaauts)
 A = Elapsed time spent in this place.
 B = Non-inter-level travel time spent in this place.
 C = Inter-level travel time spent in this place.
 D = Time resting spent in this place.
 E = Time spent auto-exploring this place.
 F = Levels seen in this place.
 G = Mean time per level.
                   A        B        C        D        E       F      G
               +--------+--------+--------+--------+--------+-----+--------+
         Total |   2631 |   2488 |    143 |     84 |   1957 |   4 |  657.8 |
       Dungeon |   2631 |   2488 |    143 |     84 |   1957 |   4 |  657.8 |
               +--------+--------+--------+--------+--------+-----+--------+

Top non-repeatable levels by time:
     D:1: 882 daAuts
     D:2: 853 daAuts
     D:3: 829 daAuts
     D:4: 66 daAuts
